AoeStats
← |F*ck!n| nanO''

Migration

509601327Analyzed
1v1 RM · 5d ago on Sep 27, 2026· 39m 30s· 2 players
Game mode
Random Map
Map size
132×132
Population
200
Speed
Normal
Resources
Standard
Victory
Conquest
Starting age
Dark Age
Ending age
Imperial Age
RankedLock teamsTeams togetherTeam positionsShared explorationLock speedFull tech treeHidden civsTurbo modeCheats
Victory
Defeat
🇨🇿 Muisca · Czechia
754
+13
🇪🇸 Gurjaras · Spain
683
-13
|F*ck!n| nanO''
9:48 Feudal Age
11:08 Wheelbarrow
10:32 Double-Bit Axe
10:29 Horse Collar
12:17 Wheelbarrow
19:32 Castle Age
18:05 Fishing Lines
21:46 Hand Cart
22:21 Medium Warships
23:49 Fletching
25:36 Hand Cart
29:42 Bodkin Arrow
31:37 Ballistics
31:53 Clinker Construction
33:22 Kshatriyas
38:34 Careening
DancyCake1070
13:50 Feudal Age
14:18 Double-Bit Axe
15:11 Wheelbarrow
14:19 Fishing Lines
15:19 Gold Mining
15:44 Stone Mining
20:46 Castle Age
19:05 Forging
20:09 Fletching
20:19 Padded Archer Armor
20:26 Scale Mail Armor
21:41 Medium Warships
21:31 Gillnets
22:00 Hand Cart
21:58 Bow Saw
23:22 Gold Shaft Mining
24:27 Stone Shaft Mining
28:27 Imperial Age
27:12 Iron Casting
26:52 Chain Mail Armor
29:37 Heavy Warships
30:27 Two-Man Saw
32:36 Ballistics
33:16 Careening
35:03 Murder Holes
35:07 Crossbowman
37:34 Dry Dock
39:25 Chemistry
Connection lost

Rejoining the realm…

Still unreachable

The connection could not be restored.

Session expired

The server has moved on; the page needs a fresh start.